[Event "*** SCC Grand Prix: Titled Tuesday Blitz"]
[Site "Chess.com"]
[Date "2020.08.11"]
[Round "1"]
[White "GadimbayliA"]
[Black "ChessBitl"]
[Result "1-0"]
[WhiteElo "2852"]
[BlackElo "2413"]
[TimeControl "180+1"]
[EndTime "10:06:43 PDT"]
[Termination "GadimbayliA won by resignation"]

1. e4 c5 2. f4 Nc6 3. Nf3 g6 4. c3 d5 5. e5 Bg4 6. h3 Bxf3 7. Qxf3 e6 8. Bb5 Ne7 9. O-O Qb6 10. Ba4 h5 11. d3 Nf5 12. g4 hxg4 13. hxg4 Nh4 14.
Qe2 Be7 15. Be3 d4 16. cxd4 cxd4 17. Bf2 g5 18. Nd2 gxf4 19. Rac1 Qa6 20. Bxc6+ bxc6 21. Qe4 Rc8 22. Nc4 Ng6 23. Bxd4 c5 24. Bc3 Kf8 25. Bd2 Rh4 26. Qf3 Bg5 27. Be1 Rh6 28. Rc2 Qa4 29. b3 Qd7 30. Bc3 Be7 31. Rh2 Rxh2 32. Kxh2 Kg7 33. Kg1 Rd8 34. Rd1 Rh8 35. Nd2 c4 36.
Nxc4 a5 37. d4 a4 38. d5 Qxd5 39. Rxd5 1-0

[Event "*** SCC Grand Prix: Titled Tuesday Blitz"]
[Site "Chess.com"]
[Date "2020.08.11"]
[Round "1"]
[White "secretsuperstar7"]
[Black "Noam_Vitenberg"]
[Result "0-1"]
[WhiteElo "2093"]
[BlackElo "2501"]
[TimeControl "180+1"]
[EndTime "10:06:43 PDT"]
[Termination "Noam_Vitenberg won by resignation"]

1. e4 e5 2. Nf3 Nc6 3. Bb5 a6 4. Ba4 Nf6 5. O-O Be7 6. Nc3 b5 7. Bb3 d6 8. d3 O-O 9. h3 Na5 10. Be3 Nxb3 11. axb3 Be6 12. d4 exd4 13. Nxd4 Bd7 14.
Qd2 c5 15. Nf5 Bxf5 16. exf5 d5 17. Bf4 Qd7 18. Qd3 d4 19. Ne2 Nd5 20. Bd2 Rfe8 21.
Ng3 Bf6 22. Ne4 Qxf5 23. Nxc5 Qxd3 24. Nxd3 Re2 25. Rfd1 h5 26. Kf1 Re6 27. Nc5 Rc6 28. b4 a5 29. Ra3 Be7 30. Rc1 Bxc5 31. bxc5 Rxc5 32. Bxa5 Rac8 33. Rd3 b4 34. Rxd4 Rxa5 35.
Rcd1 Rcc5 36. c4 bxc3 37. bxc3 Nxc3 38. Rd8+ Kh7 39. R1d4 Ra1+ 0-1

[Event "*** SCC Grand Prix: Titled Tuesday Blitz"]
[Site "Chess.com"]
[Date "2020.08.11"]
[Round "1"]
[White "Diego_FloresQ"]
[Black "Iris77"]
[Result "0-1"]
[WhiteElo "2470"]
[BlackElo "2053"]
[TimeControl "180+1"]
[EndTime "10:06:45 PDT"]
[Termination "Iris77 won on time"]

1. e4 e6 2. d4 d5 3. Nc3 Nf6 4. Bg5 Bb4 5. e5 h6 6. Bd2 Bxc3 7. bxc3 Ne4 8. Qg4 Kf8 9. Bd3 Nxd2 10. Kxd2 c5 11. h4 Nc6 12. Qf4 c4 13. Bg6 Qe7 14. a3 Bd7 15. Bh5 b5 16. Ne2 a5 17. g4 Kg8 18. g5 Rf8 19. Rag1 g6 20. gxh6 Kh7 21. Bf3 Qxa3 22. h5 Rhg8 23. Rg2 b4 24. Rhg1 Be8 0-1

[Event "*** SCC Grand Prix: Titled Tuesday Blitz"]
[Site "Chess.com"]
[Date "2020.08.11"]
[Round "1"]
[White "Evachess2006"]
[Black "Babas"]
[Result "0-1"]
[WhiteElo "1639"]
[BlackElo "2455"]
[TimeControl "180+1"]
[EndTime "10:06:45 PDT"]
[Termination "Babas won by resignation"]

1. e4 e5 2. Nf3 Nf6 3. Nxe5 d6 4. Nf3 Nxe4 5. d3 Nf6 6. Nc3 Bg4 7. Be2 Be7 8. O-O O-O 9. Bg5 Re8 10. h3 Bh5 11. Re1 Nbd7 12. Qd2 Nf8 13. Nd4 Bg6 14. Bf3 c6 15.
Re2 c5 16. Nb3 Ne6 17. Rae1 Nxg5 18. Qxg5 Ne4 19. Qf4 Nxc3 20. bxc3 Qd7 21. Bg4 f5 22. Bf3 Bf7 23. d4 Rac8 24. d5 Bf6 25. c4 Rxe2 26. Rxe2 a6 27. Qd2 b5 28. Qe1 bxc4 29. Na5 c3 30. Nc4 Rb8 31. Kh2 g6 32. g4 Re8 33. Rxe8+ Qxe8 34. Qxe8+ Bxe8 35. Nxd6 Be5+ 36. Kg2 Bxd6 37. gxf5 gxf5 38. Be2 Bb5 39. Bf3 Kf7 40. h4 Kf6 41. Kh3 Ke5 42. h5 Be7 43. Bg2 Bc4 44. Kg3 Bd3 45. f4+ Kd6 46. cxd3 c2 0-1

[Event "*** SCC Grand Prix: Titled Tuesday Blitz"]
[Site "Chess.com"]
[Date "2020.08.11"]
[Round "1"]
[White "Izoria123"]
[Black "amatatanav"]
[Result "0-1"]
[WhiteElo "2864"]
[BlackElo "2439"]
[TimeControl "180+1"]
[EndTime "10:06:47 PDT"]
[Termination "amatatanav won by resignation"]

1. Nf3 Nf6 2. c4 e6 3. g3 d5 4. Bg2 Be7 5. d4 O-O 6. Qc2 Nbd7 7. O-O c6 8. Nbd2 b6 9. e4 Bb7 10. e5 Ne8 11. cxd5 cxd5 12. Re1 Qc7 13. Qa4 Qc6 14.
Qb3 Rc8 15. Bf1 Nc7 16. Bd3 Ba6 17. Bb1 b5 18. Qd3 g6 19. Qe3 b4 20. Nb3 Rfe8 21. Qh6 Nf8 22. Qh4 Bxh4 23. Nxh4 Bc4 24. Nd2 a5 25.
Ndf3 Ba6 26. Be3 Nb5 27. h3 a4 28. Nh2 a3 29. bxa3 bxa3 30. Ng4 Qc3 31. Bd3 Nd7 32. Bf1 Qa5 33. Nf3 Nc3 34. Bd2 Bxf1 35. Kxf1 Qa6+ 36. Kg2 Ne4 37. Be3 Rc2 38. Rac1 Rxc1 39. Rxc1 Rc8 40. Rb1 h5 41. Nh6+ Kg7 42. g4 Qd3 43. Rb7 Rc2 44. Rxd7 Qxe3 45. Rxf7+ Kxh6 0-1

[Event "*** SCC Grand Prix: Titled Tuesday Blitz"]
[Site "Chess.com"]
[Date "2020.08.11"]
[Round "1"]
[White "TokChess"]
[Black "Revnov"]
[Result "0-1"]
[WhiteElo "2379"]
[BlackElo "2753"]
[TimeControl "180+1"]
[EndTime "10:06:47 PDT"]
[Termination "Revnov won by resignation"]

1. Nf3 c5 2. g3 Nc6 3. Bg2 e5 4. O-O g6 5. c4 Bg7 6. Nc3 Nge7 7.
Ne1 h5 8. Nc2 h4 9. Ne3 hxg3 10.
fxg3 d6 11. Ncd5 Be6 12. d3 Qd7 13. Bd2 Bh3 14. Bxh3 Qxh3 15. Rf2 Rc8 16. Qf1 Qxf1+ 17. Raxf1 f5 18. b4 b6 19. Bc3 Bh6 20. b5 Bxe3 21.
Nxe3 Nd4 22. Ng2 Kd7 23. e3 Ne6 24. a4 a6 25. Ra2 a5 26. Nh4 Rh5 27. e4 f4 28. Rg2 Rch8 29. Nf3 g5 30. g4 Rh3 31.
Kf2 Ke8 32. Rd1 Kf7 33. Rd2 Kf6 34. Kf1 Nd4 35. Ng1 Re3 36. Bxd4 exd4 37. h3 Ng6 38. Rge2 Ne5 39. Kf2 Nxd3+ 0-1

[Event "*** SCC Grand Prix: Titled Tuesday Blitz"]
[Site "Chess.com"]
[Date "2020.08.11"]
[Round "1"]
[White "XDPS"]
[Black "AGW2016"]
[Result "1-0"]
[WhiteElo "2652"]
[BlackElo "2308"]
[TimeControl "180+1"]
[EndTime "10:06:47 PDT"]
[Termination "XDPS won by checkmate"]

1. d4 Nf6 2. Nf3 g6 3. Nbd2 d5 4. e3 Bg7 5. b4 O-O 6. c4 c6 7. Bb2 Bf5 8. Be2 Ne4 9. O-O Nd7 10.
a4 Ndf6 11. Nb3 dxc4 12. Bxc4 Nd5 13. b5 Rc8 14. Rc1 c5 15. Ne5 Bxe5 16. dxe5 Nb6 17.
Qe2 Nxa4 18. Ba1 Nb6 19. f3 Ng5 20. Rfd1 Qc7 21. e4 Be6 22. Bd5 c4 23. f4 Bxd5 24. exd5 Qd7 25. Nd4 Qxd5 26. fxg5 e6 27. Nf5 Qc5+ 28. Bd4 Qb4 29. Nh6+ Kg7 30. Bxb6 axb6 31. Kh1 c3 32. Qf2 Qe7 33. Qf6+ Qxf6 34. exf6+ Kh8 35. Rd7 e5 36. Nxf7+ Kg8 37. Nxe5 Rfe8 38. Rg7+ Kf8 39. Nd7# 1-0

[Event "*** SCC Grand Prix: Titled Tuesday Blitz"]
[Site "Chess.com"]
[Date "2020.08.11"]
[Round "1"]
[White "peixe64"]
[Black "Fins0905"]
[Result "0-1"]
[WhiteElo "2304"]
[BlackElo "2649"]
[TimeControl "180+1"]
[EndTime "10:06:47 PDT"]
[Termination "Fins0905 won by checkmate"]

1. e4 c6 2. d4 d5 3. Nc3 dxe4 4. Nxe4 Bf5 5. Ng3 Bg6 6. Nf3 Nd7 7. h4 h6 8. h5 Bh7 9. Bd3 Bxd3 10. Qxd3 e6 11. Bd2 Ngf6 12. O-O-O Be7 13. Kb1 O-O 14. c4 b5 15. c5 Qc7 16. Ne4 Nxe4 17. Qxe4 Nf6 18. Qe2 Rad8 19. g4 Nxg4 20. Rhg1 f5 21. Qxe6+ Kh8 22.
Rde1 Bf6 23. Qxf5 Nxf2 24. Qc2 Qd7 25. Be3 Ng4 26. Bf4 Bxd4 27. Nxd4 Rxf4 28. Ne6 Rf2 29. Qg6 Ne5 30. Qxg7+ Qxg7 31. Rxg7 Rdd2 32. Reg1 Rxb2+ 33. Ka1 Rxa2+ 34. Kb1 Rfb2+ 35. Kc1 Nd3+ 36. Kd1 Rb1# 0-1

[Event "*** SCC Grand Prix: Titled Tuesday Blitz"]
[Site "Chess.com"]
[Date "2020.08.11"]
[Round "1"]
[White "korbul"]
[Black "KatarinaOstojic"]
[Result "1-0"]
[WhiteElo "2588"]
[BlackElo "2231"]
[TimeControl "180+1"]
[EndTime "10:06:47 PDT"]
[Termination "korbul won by resignation"]

1. e4 c5 2. Nf3 d6 3. d4 cxd4 4. Nxd4 Nf6 5. Nc3 a6 6. Be2 e5 7. Nb3 Be7 8. f4 exf4 9. Bxf4 Nc6 10. Qd2 Ne5 11. O-O-O Qc7 12. h3 Be6 13. g4 h6 14.
Rhg1 b5 15. Kb1 b4 16. Nd5 Bxd5 17. exd5 Nfd7 18. Nd4 O-O 19. Nf5 Bf6 20. h4 Ng6 21. g5 Be5 22. Bxe5 Ndxe5 23. h5 Ne7 24. Nxe7+ Qxe7 25.
gxh6 g6 26. Bd3 Nf3 27. h7+ Kh8 28. Qxb4 Nxg1 29. Rxg1 Rab8 30. Qd4+ Qe5 31. Qxe5+ dxe5 32. hxg6 fxg6 33. Bxg6 Rb6 34. Bd3 Rd6 35. Be4 Rdf6 36. c4 Rf1+ 37. Rxf1 Rxf1+ 38. Kc2 Rf2+ 39. Kc3 Re2 40.
Kd3 Rxb2 41. d6 Kg7 42. c5 Rb4 43. Ke3 Rb8 44. c6 Kf7 45. c7 Rc8 46. Bf5 Ra8 47. c8=Q 1-0

[Event "*** SCC Grand Prix: Titled Tuesday Blitz"]
[Site "Chess.com"]
[Date "2020.08.11"]
[Round "1"]
[White "UCantHandleDenker"]
[Black "DACF2905"]
[Result "1-0"]
[WhiteElo "2579"]
[BlackElo "2218"]
[TimeControl "180+1"]
[EndTime "10:06:47 PDT"]
[Termination "UCantHandleDenker won by resignation"]

1. Nf3 Nf6 2. d3 d5 3. g3 e6 4.
Bg2 Be7 5. O-O O-O 6. Nbd2 c5 7. e4 Nc6 8. Re1 d4 9. e5 Nd7 10. a4 Qc7 11. Nc4 b6 12. h4 Ba6 13. b3 Rad8 14.
Bf4 Nb4 15. Qe2 Nd5 16. Bd2 Rfe8 17. h5 h6 18. Qe4 Nf8 19. Qg4 f5 20. exf6 Nxf6 21.
Qh3 Bc8 22. Nfe5 N6d7 23. Nc6 e5 24. Nxd8 Bxd8 25. Qg4 Nf6 26. Qe2 Bg4 27. Bf3 Bf5 28. Nxe5 N6d7 29. Bf4 Qc8 30. Qd2 Nf6 31. Nc4 Rxe1+ 32.
Rxe1 Bg4 33. Qe2 Qf5 34. Bxg4 Nxg4 35. f3 Nf6 36. Bd6 Qxh5 37. Bxf8 Kxf8 38. Nd6 Kg8 39.
Kg2 Bc7 40. Ne8 Nxe8 41. Qxe8+ Qxe8 42. Rxe8+ Kf7 43. Ra8 1-0

[Event "*** SCC Grand Prix: Titled Tuesday Blitz"]
[Site "Chess.com"]
[Date "2020.08.11"]
[Round "1"]
[White "1f3_2g41-0"]
[Black "TimofeevAr"]
[Result "0-1"]
[WhiteElo "2414"]
[BlackElo "2852"]
[TimeControl "180+1"]
[EndTime "10:06:48 PDT"]
[Termination "TimofeevAr won by resignation"]

1. e4 c5 2. Nf3 d6 3. d4 cxd4 4. Nxd4 Nf6 5. Nc3 e6 6. h3 a6 7. g4 b5 8. Bg2 Bb7 9. g5 Nfd7 10.
O-O Be7 11. f4 O-O 12. Be3 Nc6 13. a3 Rc8 14. f5 Bxg5 15. Bxg5 Qxg5 16. fxe6 Qe3+ 17.
Kh1 Qxd4 18. exd7 Rcd8 19. Qxd4 Nxd4 20. Rad1 Nxc2 21. Rxd6 Ne3 22. Rf2 Nc4 23. Rd4 Bc6 24. b3 Ne5 25. Rfd2 Rxd7 26. Rxd7 Bxd7 27. Rd6 Bc6 28.
Ne2 Rc8 29. Nd4 Kf8 30. Kh2 g6 31. Ne2 Ke7 32. Rd2 Bd7 33. Nf4 Be6 34. Nd5+ Bxd5 35.
exd5 Kd6 36. Rf2 f5 37. Rf4 Rc3 38. Rh4 h5 39. Rb4 Nd3 40. Rd4 Rxb3 41. a4 Ne5 42.
axb5 axb5 43. Rd1 b4 44. Ra1 Ra3 45. Rb1 b3 46. Kg3 b2+ 47. Kf4 Ra1 0-1

[Event "*** SCC Grand Prix: Titled Tuesday Blitz"]
[Site "Chess.com"]
[Date "2020.08.11"]
[Round "1"]
[White "PawnEatingZombie"]
[Black "suyu28"]
[Result "0-1"]
[WhiteElo "2208"]
[BlackElo "2570"]
[TimeControl "180+1"]
[EndTime "10:06:48 PDT"]
[Termination "suyu28 won by resignation"]

1. d4 d6 2. e4 g6 3. Nc3 Bg7 4. g3 Nf6 5. Bg2 O-O 6. Nge2 Nc6 7. h3 e5 8. dxe5 dxe5 9. Bg5 Be6 10. Nd5 Re8 11.
O-O Nb8 12. Nxf6+ Bxf6 13. Qxd8 Bxd8 14. Be3 Nc6 15. c3 Na5 16. b3 Nc6 17. f4 f6 18. f5 Bf7 19. Rfd1 Be7 20. Rd7 Bd6 21. Rd1 Nb8 22. R7xd6 cxd6 23. Rxd6 Nc6 24. Kf2 Rad8 25. Rxd8 Rxd8 26. Ke1 Kg7 27. g4 a5 28. Nc1 a4 29.
Bf1 axb3 30. axb3 Na5 31. b4 Nc4 32. Bxc4 Bxc4 33. Bc5 Bd3 34. g5 Kf7 35. fxg6+ hxg6 36. gxf6 Kxf6 37. h4 Bxe4 38. Be3 Kf5 39. Bg5 Rc8 40.
Ne2 Bf3 41. Ng3+ Kg4 42. Ne2 Bxe2 43. Kxe2 Rxc3 0-1

[Event "*** SCC Grand Prix: Titled Tuesday Blitz"]
[Site "Chess.com"]
[Date "2020.08.11"]
[Round "1"]
[White "Micki-taryan"]
[Black "Jovidon91"]
[Result "1-0"]
[WhiteElo "3052"]
[BlackElo "2453"]
[TimeControl "180+1"]
[EndTime "10:06:52 PDT"]
[Termination "Micki-taryan won by resignation"]

1. Nf3 Nf6 2. e3 e6 3. c4 b6 4. b3 Bb7 5. Bb2 Be7 6. d4 O-O 7. Nc3 Ne4 8. Bd3 Nxc3 9. Bxc3 d5 10. Qc2 h6 11. O-O Nd7 12. e4 dxe4 13. Bxe4 Bxe4 14. Qxe4 c5 15. Rad1 cxd4 16. Nxd4 Bf6 17. Qe3 Qc8 18. Nb5 Bxc3 19. Qxc3 Nf6 20. Rd3 Qc5 21. Rg3 Kh8 22. b4 Qf5 23. Nd4 Qe5 24. Re1 Qh5 25. Nc6 a6 26. a4 Rac8 27. b5 axb5 28. axb5 Ra8 29. h3 Ra2 30. Qd4 Qc5 31. Qxc5 bxc5 32. Ne5 Kg8 33. Rb3 Rb8 34. b6 Ra6 35. Reb1 Ne4 36.
R1b2 Nd6 37. Nd7 Rd8 38. b7 Ra1+ 39. Rb1 Rxb1+ 40. Rxb1 1-0

[Event "*** SCC Grand Prix: Titled Tuesday Blitz"]
[Site "Chess.com"]
[Date "2020.08.11"]
[Round "1"]
[White "GAusal"]
[Black "aNaartjieZA"]
[Result "0-1"]
[WhiteElo "2129"]
[BlackElo "2508"]
[TimeControl "180+1"]
[EndTime "10:06:52 PDT"]
[Termination "aNaartjieZA won by resignation"]

1. d4 Nf6 2. Bf4 c5 3. e3 g6 4. c3 Bg7 5. Nf3 O-O 6. Be2 b6 7. Nbd2 Bb7 8. O-O d6 9. Rc1 Nbd7 10. Re1 Rc8 11. dxc5 Nxc5 12. Bg3 e5 13. Nb3 Nce4 14.
Nfd2 Nxg3 15. hxg3 d5 16. Nf3 Ne4 17. Nbd2 Nd6 18.
Nb3 h6 19. Bf1 Qe7 20. Qd2 Rfd8 21. Rcd1 Nc4 22. Qc1 Nd6 23. Qb1 f5 24. Nh4 Qf7 25.
Nf3 g5 26. Nfd2 Rf8 27. c4 dxc4 28. Nc1 Ne4 29. Nxe4 Bxe4 30. Qa1 Rfd8 31. f3 Bc2 32. Rxd8+ Rxd8 33. Ne2 e4 34. Qc1 Bd3 35. Nc3 Qc7 36. fxe4 fxe4 37. Kh2 Be5 38. Ne2 Bxe2 39. Bxe2 Bxg3+ 40.
Kh1 Bxe1 41. Qxe1 b5 42. Qc3 Qg7 43. Qa5 Rd5 44. Bxc4 bxc4 45. Qxd5+ Qf7 46. Qxe4 Kg7 47. Qd4+ Kg8 48. e4 Qe6 49. Kg1 Kf7 50. Kf2 Kg6 51.
Ke3 h5 52. Kd2 h4 53. Kc3 g4 54. e5 h3 55. gxh3 gxh3 56. Qg1+ Kf5 57. Qh2 Qxe5+ 58.
Qxe5+ Kxe5 0-1

[Event "*** SCC Grand Prix: Titled Tuesday Blitz"]
[Site "Chess.com"]
[Date "2020.08.11"]
[Round "1"]
[White "TheMightyBishops"]
[Black "IriBu"]
[Result "0-1"]
[WhiteElo "2000"]
[BlackElo "2477"]
[TimeControl "180+1"]
[EndTime "10:06:53 PDT"]
[Termination "IriBu won by checkmate"]

1. e4 c5 2. a3 Nf6 3. e5 Nd5 4. c4 Nb6 5. b4 d6 6. f4 g6 7.
Nf3 Bg7 8. Bb2 O-O 9. h4 h5 10. bxc5 dxc5 11. Nc3 Bg4 12. Ne4 Qc7 13. Nf2 Bf5 14. Qb3 Nc6 15. Bd3 Bxd3 16. Qxd3 Rfd8 17. Qe4 Na5 18. d3 Nb3 19. Rb1 f5 20. exf6 exf6 21. Qxg6 Re8+ 22. Kf1 Qf7 23. Qxf7+ Kxf7 24. Ne4 Nxc4 25.
Neg5+ fxg5 26. dxc4 g4 27. Ng5+ Kg6 28. Bxg7 Nd2+ 29.
Kf2 Nxb1 30. Rxb1 Kxg7 31. Rxb7+ Kg6 32. Rc7 Rac8 33. Rxa7 Rcd8 34. Ra6+ Kf5 35. Rc6 Rd2+ 36. Kf1 Kxf4 37. Rxc5 Rd1+ 38. Kf2 g3# 0-1

[Event "*** SCC Grand Prix: Titled Tuesday Blitz"]
[Site "Chess.com"]
[Date "2020.08.11"]
[Round "1"]
[White "MFBerna"]
[Black "StephenDedalus83"]
[Result "0-1"]
[WhiteElo "2402"]
[BlackElo "2818"]
[TimeControl "180+1"]
[EndTime "10:06:54 PDT"]
[Termination "StephenDedalus83 won on time"]

1. d4 Nf6 2. Nf3 g6 3. Bf4 Bg7 4. e3 d6 5. Be2 Nh5 6. Bg3 Nxg3 7. hxg3 c5 8. c4 Qb6 9. Qb3 Nc6 10. Nc3 cxd4 11. Qxb6 axb6 12. Nb5 O-O 13. Nfxd4 Bd7 14.
O-O Rfc8 15. a3 Na5 16. Rac1 Bxb5 17. cxb5 Bxd4 18. exd4 Nb3 19. Rxc8+ Rxc8 20. Rd1 Rc2 21.
Bf3 Rxb2 22. Bxb7 Na5 23. Ba6 Nc4 24. a4 Ra2 25. Re1 Kf8 26. d5 Rxa4 27. Rc1 e6 28.
dxe6 fxe6 29. Kf1 Ke7 30. Ke2 Ra2+ 31. Kf3 Ne5+ 32. Ke3 Ra3+ 33. Ke4 Kf6 34. Rc7 d5+ 35. Kd4 Ra4+ 36. Ke3 Ng4+ 37. Kf3 h5 38. Rc6 Ra2 0-1

[Event "*** SCC Grand Prix: Titled Tuesday Blitz"]
[Site "Chess.com"]
[Date "2020.08.11"]
[Round "1"]
[White "kleinebeer98"]
[Black "DishonorOnYourCow"]
[Result "1-0"]
[WhiteElo "2667"]
[BlackElo "2319"]
[TimeControl "180+1"]
[EndTime "10:06:54 PDT"]
[Termination "kleinebeer98 won on time"]

1. e4 c5 2. Nf3 d6 3. d4 cxd4 4. Nxd4 Nf6 5. Nc3 a6 6. Rg1 h5 7.
h3 Nc6 8. g4 hxg4 9. hxg4 Nxd4 10. Qxd4 Nxg4 11. Nd5 Nf6 12. Nb6 Rb8 13. Be3 Be6 14.
O-O-O Qc7 15. Kb1 g6 16. f4 Bg7 17. f5 Nh5 18. Qd3 gxf5 19. exf5 Bd7 20. Be2 Kf8 21.
Nd5 Qa5 22. Bxh5 Rxh5 23. f6 exf6 24. Nxf6 Bxf6 25. Qxd6+ Be7 26. Bh6+ Ke8 27. Rg8+ 1-0

[Event "*** SCC Grand Prix: Titled Tuesday Blitz"]
[Site "Chess.com"]
[Date "2020.08.11"]
[Round "1"]
[White "Michaelson_11"]
[Black "GoldenShare"]
[Result "0-1"]
[WhiteElo "2106"]
[BlackElo "2504"]
[TimeControl "180+1"]
[EndTime "10:06:54 PDT"]
[Termination "GoldenShare won by resignation"]

1. e4 c5 2. Nc3 a6 3. g3 b5 4. Bg2 Bb7 5. Nge2 e6 6. O-O Nf6 7.
d4 cxd4 8. Nxd4 b4 9. e5 Bxg2 10.
Kxg2 bxc3 11. exf6 gxf6 12. bxc3 Qc7 13. Qf3 Nc6 14. Bf4 e5 15. Rfe1 O-O-O 16. Nxc6 Qxc6 17. Qxc6+ dxc6 18. Be3 Kc7 19. Rab1 c5 20. c4 Be7 21. Rb3 Rb8 22. Ra3 Rb6 23. Ra5 Kc6 24. Rd1 Ra8 25. Rd5 Rb5 26. cxb5+ Kxd5 27. bxa6 Kc6 28.
Kf3 Kb6 29. Ra3 Kb5 30. Ke4 c4 31. a7 Bxa3 32. Kf5 Bc5 0-1

[Event "*** SCC Grand Prix: Titled Tuesday Blitz"]
[Site "Chess.com"]
[Date "2020.08.11"]
[Round "1"]
[White "goldihouse"]
[Black "ailime26"]
[Result "1-0"]
[WhiteElo "2464"]
[BlackElo "1890"]
[TimeControl "180+1"]
[EndTime "10:06:54 PDT"]
[Termination "goldihouse won by checkmate"]

1. c4 e6 2. g3 d5 3. Bg2 Nf6 4. Nf3 Nbd7 5. O-O Be7 6. b3 O-O 7. Bb2 c5 8. cxd5 Nxd5 9. Nc3 N7f6 10. Rc1 b6 11. Ne5 Bb7 12. Nxd5 Nxd5 13. d4 Rc8 14. dxc5 Bxc5 15. Nd3 Be7 16. Qd2 Bf6 17. Rxc8 Qxc8 18.
Rc1 Qd7 19. Ne5 Qd6 20. Nc4 Qe7 21. Ba3 Qd8 22. Bxf8 Kxf8 23. e4 Nc7 24. Qxd8+ Bxd8 25. Nd6 Ba6 26. e5 Nb5 27. Nxb5 Bxb5 28. Rc8 Ke7 29. Bc6 Bd3 30. f4 h6 31. Kf2 g5 32. Ke3 Bf1 33. b4 b5 34. Kf2 Bc4 35. a3 Bb6+ 36. Kg2 Bd8 37. Bf3 Bd3 38. Rb8 Bb6 39. Bc6 gxf4 40. Re8# 1-0

[Event "*** SCC Grand Prix: Titled Tuesday Blitz"]
[Site "Chess.com"]
[Date "2020.08.11"]
[Round "1"]
[White "baki83"]
[Black "Ole83"]
[Result "1-0"]
[WhiteElo "2724"]
[BlackElo "2361"]
[TimeControl "180+1"]
[EndTime "10:06:55 PDT"]
[Termination "baki83 won on time"]

1. e4 d6 2. d4 Nf6 3. Nc3 g6 4. g3 Bg7 5. Bg2 O-O 6. Nge2 Nbd7 7. O-O c5 8. h3 Rb8 9. a4 b6 10. Be3 a6 11. g4 cxd4 12. Bxd4 e5 13. Be3 Nc5 14. Ng3 Bb7 15. Qd2 Qc7 16. Rad1 Rfd8 17.
f4 exf4 18. Bxf4 Ne6 19. Bxd6 Rxd6 20. Qxd6 Qxd6 21. Rxd6 Bf8 22. Rxe6 fxe6 23. Rxf6 Bd6 24. Nge2 1-0

[Event "*** SCC Grand Prix: Titled Tuesday Blitz"]
[Site "Chess.com"]
[Date "2020.08.11"]
[Round "1"]
[White "Mr_Sinigami"]
[Black "viniciusrego"]
[Result "1-0"]
[WhiteElo "2608"]
[BlackElo "2259"]
[TimeControl "180+1"]
[EndTime "10:06:55 PDT"]
[Termination "Mr_Sinigami won by resignation"]

1. d4 Nf6 2. Nf3 g6 3. Bf4 Bg7 4. e3 d6 5. h3 O-O 6. Be2 b6 7. O-O Bb7 8. a4 c5 9. c3 a6 10.
Na3 Nbd7 11. Bh2 Ra7 12. Nd2 Qa8 13. Bf3 Rc8 14. Re1 Ne4 15. Nxe4 Bxe4 16. Bxe4 Qxe4 17. Qg4 Qxg4 18. hxg4 Nf6 19. f3 Kf8 20. Kf2 Rca8 21. Nc4 b5 22. Nb6 Rb8 23. dxc5 bxa4 24. Rxa4 Nd7 25. Nxd7+ Rxd7 26. Re2 Ra8 27. cxd6 exd6 28. Rd2 Ke7 29. Re4+ Kd8 30. Rxd6 Rxd6 31. Bxd6 Bf6 32.
Ra4 Kd7 33. Bc5 Kc6 34. Bd4 Be7 35. b4 Kb7 36. Ke2 Bd6 37. f4 f5 38. g5 Rc8 39.
Kf3 Bf8 40. g4 fxg4+ 41. Kxg4 h5+ 42. gxh6 Bxh6 43. Ra5 Rc6 44. Re5 Rd6 45. Re7+ Kc6 46. e4 Kb5 47. e5 Rc6 48. Rf7 Kc4 49. Rf6 Rc7 50. Rxg6 Bf8 51. Rxa6 Kd3 52. f5 Bxb4 53. f6 Bxc3 54. Bxc3 Kxc3 55. Kf5 1-0

[Event "*** SCC Grand Prix: Titled Tuesday Blitz"]
[Site "Chess.com"]
[Date "2020.08.11"]
[Round "1"]
[White "Bodnar_Mykola"]
[Black "Euge_chess"]
[Result "1-0"]
[WhiteElo "2495"]
[BlackElo "2067"]
[TimeControl "180+1"]
[EndTime "10:06:56 PDT"]
[Termination "Bodnar_Mykola won on time"]

1. d4 Nf6 2. c4 e6 3. Nc3 c5 4. d5 exd5 5. cxd5 d6 6. e4 g6 7. f4 Bg7 8. Bb5+ Nfd7 9. a4 O-O 10. Nf3 f5 11. exf5 Qe7+ 12. Qe2 Qxe2+ 13. Bxe2 gxf5 14. O-O Nb6 15. Rd1 Re8 16. Bf1 Na6 17. a5 Nd7 18.
Nb5 Bf8 19. Bc4 Nf6 20. Bd2 Bd7 21. Re1 Bxb5 22. Bxb5 Rxe1+ 23. Rxe1 Ne4 24. Bc1 Nc7 25. Bd7 Rd8 26. Bxf5 Nf6 27. Ng5 Ncxd5 28. Nxh7 Bg7 29. Nxf6+ Nxf6 30. Be6+ Kf8 31. g4 d5 32. Bf5 d4 33.
Bd2 Nd5 34. b3 Nb4 35. h4 d3 36. Kg2 Nc2 37. Re4 Nd4 38. Be6 Rd6 39. Bc4 a6 40. f5 Nc6 41. g5 1-0

[Event "*** SCC Grand Prix: Titled Tuesday Blitz"]
[Site "Chess.com"]
[Date "2020.08.11"]
[Round "1"]
[White "chesslh19"]
[Black "dopolian"]
[Result "0-1"]
[WhiteElo "2176"]
[BlackElo "2536"]
[TimeControl "180+1"]
[EndTime "10:06:57 PDT"]
[Termination "dopolian won by checkmate"]

1. e4 Nc6 2. d4 e5 3. d5 Nce7 4. c4 Ng6 5. Nc3 Bc5 6. g3 Nf6 7. Bg2 O-O 8. Nge2 d6 9. O-O a5 10. a3 c6 11. Rb1 Bd7 12. b4 axb4 13. axb4 Bb6 14. h3 cxd5 15. Nxd5 Nxd5 16. cxd5 f5 17. Kh2 f4 18. Nc3 Qg5 19. Bd2 Ra3 20. Qe2 h5 21. Ra1 Rfa8 22. Rxa3 Rxa3 23. Rc1 Bxf2 24. Qxf2 fxg3+ 25.
Qxg3 Qxd2 26. Rg1 Qf4 27. Qxf4 Nxf4 28. Nd1 Bxh3 29. Bxh3 Rxh3# 0-1

[Event "*** SCC Grand Prix: Titled Tuesday Blitz"]
[Site "Chess.com"]
[Date "2020.08.11"]
[Round "1"]
[White "Margarita2907"]
[Black "Lion-Al-Messi"]
[Result "0-1"]
[WhiteElo "2092"]
[BlackElo "2500"]
[TimeControl "180+1"]
[EndTime "10:06:58 PDT"]
[Termination "Lion-Al-Messi won on time"]

1. e4 b6 2. Nf3 Bb7 3. Nc3 e6 4. d4 Bb4 5. Bd3 Nf6 6. Qe2 d5 7. e5 Ne4 8. Bd2 Nxd2 9. Qxd2 Be7 10. O-O c5 11. dxc5 bxc5 12. Ne1 Nd7 13. f4 O-O 14.
Kh1 f5 15. exf6 Nxf6 16. Nf3 d4 17. Ne2 Ne4 18. Qe1 Qd5 19. b3 Kh8 20. Bc4 Qh5 21.
Bxe6 Rf6 22. Bh3 Raf8 23. Kg1 Rg6 24. Ng3 Nxg3 25. Qxe7 Ne2+ 26. Kh1 Rgf6 27. Qxe2 Rxf4 28. Rae1 Bxf3 29. Rxf3 Rxf3 30. gxf3 Qxh3 31. f4 h6 32. Qe5 Qf3+ 33. Kg1 Rxf4 34. Qe8+ Kh7 35. Qe2 Rg4+ 0-1

[Event "*** SCC Grand Prix: Titled Tuesday Blitz"]
[Site "Chess.com"]
[Date "2020.08.11"]
[Round "1"]
[White "GMHess"]
[Black "capatl"]
[Result "1-0"]
[WhiteElo "2816"]
[BlackElo "2402"]
[TimeControl "180+1"]
[EndTime "10:06:59 PDT"]
[Termination "GMHess won by resignation"]

1. d4 d5 2. Nf3 e6 3. g3 Nf6 4.
Bg2 b6 5. O-O Bb7 6. Ne5 Nbd7 7.
c4 Bd6 8. Bf4 Nh5 9. Nc3 Nxf4 10. gxf4 c6 11. cxd5 cxd5 12. Nb5 Bb8 13. Rc1 a6 14.
Nc3 Nf6 15. Qa4+ Ke7 16. e3 Qd6 17. Ne2 b5 18. Qb3 Ba7 19. Ng3 Rhc8 20. a4 b4 21. a5 Rxc1 22. Rxc1 Rc8 23. Rxc8 Bxc8 24. Nd3 Bb7 25.
Nxb4 Qc7 26. Nd3 Bc6 27. Qb4+ Qd6 28. Nc5 Bxc5 29. dxc5 Qc7 30. Bf1 Nd7 31. Bxa6 Qa7 32. Bb5 Qxc5 33. Qxc5+ Nxc5 34. Bxc6 Nb3 35. a6 Kd6 36. a7 1-0

[Event "*** SCC Grand Prix: Titled Tuesday Blitz"]
[Site "Chess.com"]
[Date "2020.08.11"]
[Round "1"]
[White "elegant285"]
[Black "eljanov"]
[Result "0-1"]
[WhiteElo "2402"]
[BlackElo "2814"]
[TimeControl "180+1"]
[EndTime "10:06:59 PDT"]
[Termination "eljanov won by resignation"]

1. d4 Nf6 2. c4 e6 3. Nf3 b6 4. a3 Bb7 5. Nc3 d5 6. cxd5 Nxd5 7. Qc2 Nxc3 8. bxc3 Be7 9. e4 O-O 10. Bd3 c5 11. O-O Qc8 12. Be3 cxd4 13. cxd4 Qxc2 14. Bxc2 Nc6 15. Rfc1 Rac8 16. Nd2 Rfd8 17. Nb3 Bf6 18. e5 Be7 19. Be4 Na5 20. Bxb7 Nxb7 21. a4 Bb4 22. Kf1 Kf8 23. Ke2 Ke8 24. Bg5 Be7 25. Bxe7 Kxe7 26.
Kd3 Nc5+ 27. Nxc5 Rxc5 28. Ke4 Rcd5 29. Rc7+ R8d7 30. Rxd7+ Kxd7 31. Rc1 b5 32. axb5 Rxb5 33. Ra1 a5 34. Ra4 Kc6 35. f4 Kb6 36. Ra2 Rb4 37. Kd3 a4 38. Kc3 Kb5 39. g4 Rb3+ 40. Kc2 Rh3 41. Kb1 a3 42. Rc2 Kb4 43. Ka2 Rd3 44. Rc8 Rd2+ 45. Ka1 Rxd4 46. Rc7 Rxf4 47. Rb7+ Kc4 48. Ra7 Kd5 49. Ra5+ Ke4 50. Rxa3 Kxe5 51. Rg3 g5 0-1